[Event "Uppsala GM June 2022"]
[Site "Uppsala"]
[Date "2022.06.13"]
[Round "1.1"]
[White "Chatalbashev, Boris"]
[Black "Nilsson, Joakim"]
[Result "1-0"]
[ECO "D36"]
[WhiteElo "2536"]
[BlackElo "2237"]
[Annotator "TA"]
[PlyCount "59"]
[EventDate "2022.06.09"]
[EventType "tourn"]
[EventCountry "SWE"]
[SourceTitle "playchess.com"]
[Source "ChessBase"]
[SourceQuality "1"]
[TimeControl "5400+30"]

1. c4 e6 2. Nc3 d5 3. d4 Nf6 4. cxd5 exd5 5. Bg5 Be7 6. e3 c6 7. Bd3 Nbd7 8. Qc2 h6 9. Bh4 Nh5 {[%emt 0:00:07] The modern move.} 10. Bxe7 {[%emt 0:00:07] D36: Queen's Gambit Declined: Exchange Variation: Main line (5 Bg5 c6 6 Qc2).} Qxe7 11. O-O-O Nb6 12. h3 {[%emt 0:00:47] White has an edge.} Bd7 13. Nf3 O-O-O 14. Ne5 Nf6 {[%emt 0:12:40] [#]} 15. g4 $146 ({Predecessor:} 15. Kb1 Kb8 16. Rc1 Ne8 17. Na4 Nxa4 18. Qxa4 Nd6 19. Rc3 Be8 20. Ra3 Nc8 21. Qa5 {0-1 (72) Girish,A (2506)-Rafiee,M (2335) Sitges 2019}) 15... Kb8 16. f4 c5 $2 {[%emt 0:08:50] Black cannot hold the game after this.} (16... h5 $11 {and Black stays safe.}) 17. dxc5 $1 $18 Qxc5 18. Nxf7 Qxe3+ {[%emt 0:00:15] [#]} 19. Qd2 $1 Qc5 20. Kb1 d4 {[%emt 0:01:09] [#]} 21. Ne2 ({Weaker is} 21. Nxh8 dxc3 22. Qxc3 Qxc3 23. bxc3 Rxh8 $17) 21... Be6 $2 (21... Bc6 {was necessary.}) 22. Nxh8 ({Much less strong is} 22. Nxd8 Rxd8 23. f5 Bd5 $18) 22... Qd5 {[%emt 0:02:07] [#]} 23. b3 $1 Rxh8 24. f5 Bf7 25. Qf4+ Ka8 26. Qxd4 Qa5 27. Rc1 Nbd5 28. Qc5 Qd8 {[%emt 0:00:18] Inhibits Qc8+.} 29. Rhd1 Re8 30. Bb5 {[%emt 0:00:57] Weighted Error Value: White=0.07 (flawless) /Black=0.49} 1-0

[Event "Uppsala GM June 2022"]
[Site "Uppsala"]
[Date "2022.06.13"]
[Round "1.2"]
[White "Sorensen, Hampus"]
[Black "Von Bahr, Oskar"]
[Result "1/2-1/2"]
[ECO "E08"]
[WhiteElo "2372"]
[BlackElo "2373"]
[Annotator "TA"]
[PlyCount "80"]
[EventDate "2022.06.09"]
[EventType "tourn"]
[EventCountry "SWE"]
[SourceTitle "playchess.com"]
[Source "ChessBase"]
[SourceQuality "1"]
[TimeControl "5400+30"]

1. d4 Nf6 2. c4 e6 3. Nf3 d5 4. g3 Bb4+ 5. Bd2 Be7 6. Bg2 O-O 7. O-O Nbd7 8. Qc2 c6 9. Bf4 b6 10. Rd1 Bb7 11. Ne5 {[%emt 0:01:19] 11.Ne5 scores better than 11.Nc3.} Nxe5 {[%emt 0:05:10] E08: Closed Catalan: Main Line: 7 Qc2.} 12. dxe5 Nd7 13. cxd5 $1 exd5 {[%emt 0:04:44] White has an edge.} 14. e4 (14. Nc3 {is interesting.} g5 15. Qf5 gxf4 16. Be4) 14... d4 15. Rxd4 {[%emt 0:02:00] [#] Black must now prevent Bh3.} Bc5 $1 16. Rd1 {[%emt 0:03:28] aiming for Qd2.} Qe7 17. Qc3 Rfe8 (17... Rad8 $5 ) 18. Nd2 Nxe5 {[%emt 0:10:38] [#]} 19. Nb3 $146 ({Predecessor:} 19. Bxe5 Qxe5 20. Qxe5 Rxe5 21. Nb3 Bf8 22. Rd7 Bc8 23. Rd8 Bb7 24. Rd7 Bc8 25. Rd8 {1-0 (55) Van Foreest,L (2572)-Orlov,A (2491) Germany 2022}) 19... Bd6 20. Nd4 {[%emt 0:01:11] [#] Hoping for Nf5.} Bb4 21. Qc2 Bc5 (21... Qf6 $11) 22. Nf5 Qf6 23. h3 Rad8 24. Rxd8 Rxd8 25. Rd1 {[%emt 0:00:12] Against Nd3} Ng6 26. Bd2 {[%emt 0:05:11] Bc3 is the strong threat.} Qe6 27. Bc3 Rxd1+ 28. Qxd1 Bf8 $1 29. h4 Ne7 30. Qg4 g6 (30... Nxf5 $11 31. exf5 Qd7) 31. Nxe7+ (31. h5 $14) 31... Bxe7 ({Black should play} 31... Qxe7 $11 32. Qf4 c5) 32. Qxe6 (32. Qf4 {with more complications.} Bd6 33. e5 Bc7 34. a3) 32... fxe6 $14 {[%emt 0:00:03][%mdl 4096] Endgame KBB-KBB} 33. e5 Kf7 34. Be4 Ke8 35. Kg2 Kd7 {[%emt 0:02:39] The position is equal.} 36. Kh3 Ba6 37. Kg4 Be2+ 38. f3 Bc4 $1 39. Bb1 Ke8 40. a3 Kf7 {[%emt 0:00:46] Weighted Error Value: White=0.12 (very precise) /Black=0.13 (very precise)} 1/2-1/2

[Event "Uppsala GM June 2022"]
[Site "Uppsala"]
[Date "2022.06.17"]
[Round "1.4"]
[White "Peng, Li Min"]
[Black "Roshka, Yevgeniy"]
[Result "1/2-1/2"]
[ECO "B13"]
[WhiteElo "2506"]
[BlackElo "2468"]
[Annotator "TA"]
[PlyCount "121"]
[EventDate "2022.06.09"]
[EventType "tourn"]
[EventCountry "SWE"]
[SourceTitle "playchess.com"]
[Source "ChessBase"]
[SourceQuality "1"]
[TimeControl "5400+30"]

1. e4 c6 2. d4 d5 3. exd5 cxd5 4. Bd3 Nc6 5. c3 Nf6 6. Ne2 g6 7. O-O {[%emt 0:01:26] B13: Caro-Kann: Exchange Variation and Panov-Botvinnik Attack.} Bf5 8. Re1 Bxd3 9. Qxd3 Bg7 10. Bf4 O-O {[%emt 0:00:12] [#]} 11. Nd2 $146 ({Predecessor:} 11. Ng3 Nd7 12. Nd2 e5 13. dxe5 Ndxe5 14. Bxe5 Nxe5 15. Qb5 a6 16. Qb3 d4 17. cxd4 Qxd4 {0-1 (26) Minko,D (2085)-Supriya,J (1941) Barcelona 2018}) 11... Rc8 12. a4 Qd7 13. a5 Nh5 14. Nb3 Nxf4 15. Nxf4 Qd6 16. Qf3 Rfd8 17. Nd3 Re8 18. Nf4 Red8 19. Nd3 Rc7 20. Qg3 Qxg3 21. hxg3 e6 22. g4 Rb8 23. Nbc5 Re7 24. b4 (24. f4 $14) 24... b6 $17 25. axb6 axb6 26. Na6 {[%emt 0:09:03] [#]} (26. Nb3 $142) 26... Rc8 $1 27. b5 Na7 28. Nab4 Nxb5 ({Black should try} 28... Rd7 $19 29. Rxa7 Rxa7) 29. Nxd5 Rb7 30. Reb1 Nxc3 ({Of course not} 30... exd5 $6 31. Rxb5 Rxc3 32. Ra8+ Bf8 33. Nf4 $11) (30... Nxd4 $1 $17 {White must now prevent ...Ne2+.} 31. Rxb6 Rxb6 32. Nxb6 (32. Ne7+ Kf8 $17) 32... Rd8 33. cxd4 Bxd4) 31. Rxb6 (31. Nxc3 $11 {remains equal.} Rxc3 32. Ra8+ Bf8 33. Nc5) 31... Rxb6 ({Don't play} 31... Nxd5 32. Rxb7 Bxd4 33. Rc1 $16) (31... Rd7 {is interesting.} 32. Rc6 Ne2+ 33. Kf1 Rcd8) 32. Nxb6 Rb8 33. Nd7 Rd8 34. N7e5 Ne2+ 35. Kf1 Nxd4 36. Ra7 {[%emt 0:00:00] [#]} Nc6 $1 37. Nxc6 Rxd3 $15 {[%emt 0:00:00][%mdl 4096] Endgame KRB-KRN} 38. Ra8+ Bf8 39. Ne5 Rd5 40. f4 f6 (40... g5 $5 41. g3 gxf4 42. gxf4 Rd4 $17) 41. Nf3 Kf7 (41... g5 $15 42. fxg5 fxg5) 42. Ra7+ $11 {[%emt 0:00:00] The position is equal.} Be7 43. g5 $1 Rf5 44. g3 Rd5 45. Ke2 Ke8 46. gxf6 Bxf6 47. Rxh7 e5 48. fxe5 Bxe5 49. Nh4 Bxg3 50. Nxg6 Bd6 51. Nh4 Be7 52. Nf3 Kd7 53. Ke3 Ke6 54. Ke4 Bf6 55. Ra7 Rd6 56. Ra5 Rc6 57. Nd4+ Bxd4 58. Kxd4 Kd6 59. Rd5+ Kc7 60. Rc5 Rxc5 61. Kxc5 {[%emt 0:00:00] Weighted Error Value: White=0.13 (very precise) /Black=0.10 (very precise)} 1/2-1/2

[Event "Uppsala GM June 2022"]
[Site "Uppsala"]
[Date "2022.06.13"]
[Round "1.5"]
[White "Trost, Edvin"]
[Black "Falkevall, Axel"]
[Result "1-0"]
[ECO "E06"]
[WhiteElo "2366"]
[BlackElo "2290"]
[Annotator "TA"]
[PlyCount "119"]
[EventDate "2022.06.09"]
[EventType "tourn"]
[EventCountry "SWE"]
[SourceTitle "playchess.com"]
[Source "ChessBase"]
[SourceQuality "1"]
[TimeControl "5400+30"]

1. d4 Nf6 2. Nf3 d5 3. c4 e6 4. g3 Bb4+ 5. Bd2 Be7 6. Bg2 O-O 7. O-O c6 8. Bf4 b6 9. Nc3 dxc4 {[%emt 0:06:50] E06: Closed Catalan: Early deviations.} 10. Ne5 Nd5 11. Nxc4 Nxf4 {[%emt 0:01:25] The position is equal.} 12. gxf4 Bb7 13. Ne5 f6 {[%emt 0:08:52] [#]} 14. Ng4 $146 (14. Nd3 {should be considered.}) ({Predecessor:} 14. Nd3 Qxd4 15. Qb3 Qd7 16. f5 Na6 17. Rfd1 Qe8 18. Nb5 Kh8 19. Qxe6 Rd8 20. Nxa7 Rd6 21. Qe3 {0-1 (46) Dimakiling,O (2500)-Mahjoob,M (2479) Cebu 2007}) 14... Bd6 15. Qb3 Bxf4 16. Qxe6+ Kh8 17. d5 c5 (17... Bc8 $5 18. Qe4 Bc7 $14) 18. e3 Bc8 19. exf4 {[%emt 0:12:15] Threatens to win with Qe2.} Bxe6 20. dxe6 Na6 $1 21. Rad1 Qe8 22. Bxa8 Qxa8 23. Nb5 {[%emt 0:11:32][%mdl 8192] Prevents Nc7.} (23. Nd5 $11 {and White has nothing to worry.}) 23... Qe8 $19 24. a4 Qxe6 25. Ne3 Qe4 26. f5 Qxa4 27. Nc3 Qc6 28. Rd2 Nb4 29. Rfd1 g6 30. Ne2 Qc8 31. fxg6 hxg6 32. Nf4 Qe8 33. Rd7 Nc6 {[%emt 0:02:49] Inhibits Re7.} 34. R1d6 Ne5 35. Rxa7 Qb8 $2 ({Black should play} 35... Nf3+ $19 36. Kg2 Nh4+ 37. Kf1 Qe4) 36. Nxg6+ $1 $11 Nxg6 (36... Kg8 $5 37. Ne7+ Kh8 38. Ng6+ Nxg6 $11) 37. Rdd7 {[%emt 0:00:00] Intending Rh7+ and mate.} Rd8 38. Rh7+ Kg8 {[%emt 0:00:04] Hoping for ...Qf4.} 39. Rag7+ Kf8 40. Rxg6 Qe5 {[%emt 0:00:50][%cal Od8d1] And now ...Rd1+! would win.} 41. Rgg7 $1 f5 42. Rg5 (42. Rb7 $11 {and White stays safe.}) 42... Qxb2 $19 {[%emt 0:00:07] Strongly threatening ...f4.} 43. Rxf5+ Kg8 $2 (43... Ke8 $1 $19 {White must now prevent ...Rd7.} 44. Kg2 Qd4) 44. Ra7 {[%emt 0:00:00] Against Rd7} ({Better is} 44. Re7 $15) 44... Qb1+ $17 45. Kg2 Qe4+ 46. Kg3 Rd6 47. Rf4 Rg6+ 48. Ng4 Qd3+ (48... Qe5 49. Ra8+ Kh7 50. Raf8 $17) 49. Kh4 $2 (49. f3 $17 {was the crucial defense.}) 49... Qd8+ $19 50. Kh3 {[%emt 0:00:12] [#]} b5 $1 51. Rff7 (51. Ra3 {keeps fighting.}) 51... Qg5 52. f3 {[%emt 0:00:32] [#]} Qh5+ $2 (52... Ra6 $3 $19 53. Rxa6 (53. Kg3 Rxa7) 53... Kxf7) 53. Kg3 $11 c4 54. Rfe7 {[%emt 0:00:29][%cal Ra7a8] Prevents Qe5+. Really sharp!} Kf8 $1 55. Rf7+ Kg8 56. Rfe7 {[%emt 0:00:05][%cal Ra7a8] Prevents Qe5+.} Kf8 $1 57. Rh7 Qe5+ $2 (57... Rxg4+ $11 58. fxg4 Qe5+ 59. Kh3 Qc3+ 60. Kh4 Qf6+ 61. Kh3 Kg8) 58. Kh3 {[%emt 0:00:01] White mates.} Qd5 59. Rh8+ Rg8 60. Rxg8+ {[%emt 0:00:06] Both players deserved the win here.  Weighted Error Value: White=0.41/Black=0.46} 1-0

[Event "Uppsala GM June 2022"]
[Site "Uppsala"]
[Date "2022.06.14"]
[Round "2.1"]
[White "Nilsson, Joakim"]
[Black "Trost, Edvin"]
[Result "1/2-1/2"]
[ECO "E11"]
[WhiteElo "2237"]
[BlackElo "2366"]
[Annotator "RC"]
[PlyCount "83"]
[EventDate "2022.06.09"]
[EventType "tourn"]
[EventCountry "SWE"]
[SourceTitle "playchess.com"]
[Source "ChessBase"]
[SourceQuality "1"]
[TimeControl "5400+30"]

1. d4 d5 2. c4 e6 3. Nf3 Nf6 4. g3 Bb4+ 5. Bd2 a5 6. Bg2 O-O 7. O-O dxc4 8. Qc2 Bxd2 9. Nbxd2 b5 10. a4 c6 11. e3 Na6 12. b3 Nb4 13. Qc1 cxb3 14. Nxb3 Nd7 15. Rd1 Ba6 16. Qd2 bxa4 17. Rxa4 Bc4 18. Nxa5 Rxa5 19. Qxb4 Rxa4 20. Qxa4 Bd5 21. Nd2 Bxg2 22. Kxg2 c5 23. Ne4 Qc7 24. dxc5 Nxc5 25. Qc4 Qb7 26. Qxc5 Qxe4+ 27. Kg1 h6 28. Qe7 Qa8 29. Rd7 Qa1+ 30. Kg2 Qa8+ 31. Kg1 Qf3 32. Rd8 Rxd8 33. Qxd8+ Kh7 34. Qd3+ g6 35. Qd4 Kg8 36. h4 h5 37. Qe5 Kf8 38. Qb8+ Ke7 39. Qc7+ Kf6 40. Qd8+ Kf5 41. Qg5+ Ke4 42. Qd8 1/2-1/2

[Event "Uppsala GM June 2022"]
[Site "Uppsala"]
[Date "2022.06.14"]
[Round "2.2"]
[White "Von Bahr, Oskar"]
[Black "Chatalbashev, Boris"]
[Result "1/2-1/2"]
[ECO "B36"]
[WhiteElo "2373"]
[BlackElo "2536"]
[Annotator "RC"]
[PlyCount "80"]
[EventDate "2022.06.09"]
[EventType "tourn"]
[EventCountry "SWE"]
[SourceTitle "playchess.com"]
[Source "ChessBase"]
[SourceQuality "1"]
[TimeControl "5400+30"]

1. e4 c5 2. Nf3 Nc6 3. d4 cxd4 4. Nxd4 g6 5. c4 Nf6 6. Nc3 d6 7. Be2 Nxd4 8. Qxd4 Bg7 9. Be3 O-O 10. Qd2 a5 11. O-O a4 12. Bd4 Qa5 13. Rad1 Bd7 14. Qe3 Bc6 15. Nd5 Bxd5 16. exd5 Rfe8 17. g3 Nd7 18. Bxg7 Kxg7 19. Bg4 Nf6 20. Bh3 b5 21. c5 dxc5 22. Qxc5 b4 23. Rc1 a3 24. bxa3 Qxc5 25. Rxc5 Rxa3 26. Rb1 Rb8 27. Rb2 Rd3 28. Bf1 Rd1 29. Kg2 Ra1 30. Bc4 Kf8 31. Ra5 Rc1 32. Bb3 Ne4 33. Ra7 Nc3 34. d6 e6 35. Rd2 Rd8 36. Ra6 Nb5 37. Rb6 Rc5 38. Ba4 Nc3 39. Rxb4 Nd5 40. Rb5 Rxb5 1/2-1/2

[Event "Uppsala GM June 2022"]
[Site "Uppsala"]
[Date "2022.06.14"]
[Round "2.3"]
[White "Ernst, Thomas"]
[Black "Sorensen, Hampus"]
[Result "1/2-1/2"]
[ECO "C70"]
[WhiteElo "2300"]
[BlackElo "2372"]
[Annotator "RC"]
[PlyCount "145"]
[EventDate "2022.06.09"]
[EventType "tourn"]
[EventCountry "SWE"]
[SourceTitle "playchess.com"]
[Source "ChessBase"]
[SourceQuality "1"]
[TimeControl "5400+30"]

1. e4 e5 2. Nf3 Nc6 3. Bb5 a6 4. Ba4 g6 5. c3 Bg7 6. d4 exd4 7. cxd4 b5 8. Bb3 Nge7 9. d5 Na5 10. Bc2 d6 11. O-O O-O 12. Nc3 h6 13. Rb1 c5 14. dxc6 Nexc6 15. Nd5 Nc4 16. b3 Nb6 17. Nxb6 Qxb6 18. Be3 Qc7 19. Rc1 Bb7 20. Qd2 Kh7 21. h4 h5 22. Bb1 Qe7 23. Ng5+ Kg8 24. f4 Rad8 25. Qf2 Rd7 26. e5 Qe8 27. Rce1 dxe5 28. Bc5 Ne7 29. fxe5 Bd5 30. Qg3 Kh8 31. Kh2 Rg8 32. Nxf7+ Bxf7 33. Rxf7 Nf5 34. Bxf5 Qxf7 35. Bxd7 Qxd7 36. e6 Qc6 37. b4 Kh7 38. e7 Re8 39. Qf3 Qxf3 40. gxf3 Bf6 41. Kg3 Kg7 42. Re6 Kf7 43. Rxa6 Bxe7 44. Rb6 Bxc5 45. bxc5 Re2 46. Rxb5 Rxa2 47. Kf4 Re2 48. Rb7+ Ke6 49. Rb6+ Kd5 50. Rxg6 Kxc5 51. Kg5 Kd5 52. Kxh5 Ke5 53. Rg8 Kf6 54. Kh6 Kf7 55. Rg4 Re6+ 56. Kh7 Rf6 57. f4 Rf5 58. Kh6 Kf6 59. h5 Kf7 60. Rh4 Kf6 61. Kh7 Kf7 62. h6 Rf6 63. Rg4 Kf8 64. Rg8+ Kf7 65. Rg7+ Kf8 66. Rg8+ Kf7 67. Rg7+ Kf8 68. Rg4 Kf7 69. Rh4 Rf5 70. Kh8 Kf8 71. Kh7 Kf7 72. Rg4 Rf6 73. Rg7+ 1/2-1/2

[Event "Uppsala GM June 2022"]
[Site "Uppsala"]
[Date "2022.06.14"]
[Round "2.4"]
[White "Roshka, Yevgeniy"]
[Black "Larkin, Vladyslav"]
[Result "0-1"]
[ECO "A20"]
[WhiteElo "2468"]
[BlackElo "2430"]
[Annotator "RC"]
[PlyCount "82"]
[EventDate "2022.06.09"]
[EventType "tourn"]
[EventCountry "SWE"]
[SourceTitle "playchess.com"]
[Source "ChessBase"]
[SourceQuality "1"]
[TimeControl "5400+30"]

1. c4 e5 2. g3 Nf6 3. Bg2 c6 4. Nf3 e4 5. Nd4 d5 6. cxd5 Qxd5 7. Nc2 Qh5 8. h3 Bc5 9. d4 exd3 10. Qxd3 O-O 11. Nc3 Na6 12. g4 Qh4 13. Qf3 Be6 14. Bf4 Rad8 15. O-O Nd5 16. Bg3 Qe7 17. Nxd5 Bxd5 18. e4 Bc4 19. Rfc1 Be6 20. Ne3 Rd2 21. Nf5 Bxf5 22. exf5 Bd6 23. Qc3 Bb4 24. Qb3 Qf6 25. Rab1 Qd4 26. Rc4 Qb6 27. Qf3 Rfd8 28. Bf1 Bd6 29. Bh4 Re8 30. f6 g6 31. Re4 Rxe4 32. Qxe4 Nc7 33. Re1 Qd4 34. Qxd4 Rxd4 35. Bg3 Bxg3 36. fxg3 Ne6 37. g5 h6 38. gxh6 g5 39. Be2 Re4 40. h7+ Kh8 41. Kf2 Nc5 0-1

[Event "Uppsala GM June 2022"]
[Site "Uppsala"]
[Date "2022.06.14"]
[Round "2.5"]
[White "Falkevall, Axel"]
[Black "Peng, Li Min"]
[Result "0-1"]
[ECO "C02"]
[WhiteElo "2290"]
[BlackElo "2506"]
[Annotator "RC"]
[PlyCount "82"]
[EventDate "2022.06.09"]
[EventType "tourn"]
[EventCountry "SWE"]
[SourceTitle "playchess.com"]
[Source "ChessBase"]
[SourceQuality "1"]
[TimeControl "5400+30"]

1. e4 e6 2. d4 d5 3. e5 c5 4. c3 Nc6 5. Nf3 Bd7 6. Be2 Nge7 7. O-O Ng6 8. g3 Be7 9. h4 O-O 10. h5 Nh8 11. h6 g5 12. Be3 cxd4 13. cxd4 f5 14. exf6 Bxf6 15. Nc3 Nf7 16. Kg2 Nxh6 17. Rh1 Nf5 18. Bd3 Rf7 19. Rh5 Rg7 20. g4 Be8 21. Rh2 Nd6 22. Qh1 Qe7 23. Rh6 Nb4 24. Bb1 b5 25. a3 Nc6 26. Bd3 b4 27. Ne2 Ne4 28. Qh2 Bg6 29. Rc1 Nd8 30. Nd2 Nf7 31. Rxg6 hxg6 32. Nxe4 dxe4 33. Bxe4 Rd8 34. axb4 Qxb4 35. Rh1 Nd6 36. Qh8+ Kf7 37. Bxg6+ Ke7 38. Qh6 Rdg8 39. Bd3 Qb7+ 40. f3 Qb3 41. Bb1 Qxe3 0-1

[Event "Uppsala GM June 2022"]
[Site "Uppsala"]
[Date "2022.06.15"]
[Round "3.1"]
[White "Nilsson, Joakim"]
[Black "Von Bahr, Oskar"]
[Result "0-1"]
[ECO "D91"]
[WhiteElo "2237"]
[BlackElo "2373"]
[Annotator "TA"]
[PlyCount "92"]
[EventDate "2022.06.09"]
[EventType "tourn"]
[EventCountry "SWE"]
[SourceTitle "playchess.com"]
[Source "ChessBase"]
[SourceQuality "1"]
[TimeControl "5400+30"]

1. d4 Nf6 2. c4 g6 3. Nc3 d5 4. Nf3 Bg7 5. Bg5 Ne4 6. cxd5 Nxg5 7. Nxg5 e6 8. Qd2 h6 9. Nf3 exd5 10. e3 a5 {[%emt 0:04:04] D91: Grünfeld: 4 Nf3 Bg7 5 Bg5.} 11. Be2 c6 12. O-O O-O {[%emt 0:01:49] The position is equal.} 13. a3 {[%emt 0:00:58] [#]} Be6 $146 ({Predecessor:} 13... Nd7 14. Rfc1 Re8 15. Na4 Nf6 16. Nc5 b6 17. Nd3 Ne4 18. Qc2 c5 19. Nde5 Bf5 {0-1 (43) Kutsykh,M (2285)-Mozharov,M (2475) Odessa 2009}) 14. b4 Nd7 15. Qb2 axb4 16. axb4 Qe7 17. b5 c5 18. Rfd1 Nb6 19. h3 Rfc8 20. Rxa8 Rxa8 21. Ra1 Rxa1+ 22. Qxa1 cxd4 (22... Nc8 $5 ) 23. exd4 Qb4 24. Nd1 Qa4 {[%emt 0:12:29] Prevents Qa7.} 25. Qxa4 Nxa4 26. Bd3 Kf8 27. Kf1 Ke7 28. Ke2 Kd6 29. Bc2 Nb6 30. Nc3 f5 31. Kd3 g5 32. Nd2 {[%emt 0:02:45] White is on the road to losing.} ({White should play} 32. Ne2 $15) 32... f4 $17 {[%emt 0:05:36] [#] ...Bf5+ is the strong threat.} 33. Nb3 Nc4 {[%emt 0:03:04] Strongly threatening ...Bf5+.} 34. Ke2 b6 35. Bg6 Na3 36. Kd2 Bd7 37. Bd3 Nc4+ 38. Ke1 (38. Kc2 $17) 38... Na5 $19 39. Nxa5 bxa5 {[%emt 0:00:12][%mdl 4096] Endgame KBB-KBN} 40. Ne2 f3 41. gxf3 Bxh3 42. f4 {[%emt 0:00:45] [#]} gxf4 43. Nxf4 Bg4 44. Be2 Bd7 45. Bf3 $2 (45. b6 Bxd4 46. b7) 45... Bxd4 46. Bxd5 (46. Nxd5 $142 a4 47. Kd2) 46... Be5 {[%emt 0:01:43] Weighted Error Value: White=0.36/Black=0.06 (flawless)} 0-1

[Event "Uppsala GM June 2022"]
[Site "Uppsala"]
[Date "2022.06.15"]
[Round "3.2"]
[White "Chatalbashev, Boris"]
[Black "Ernst, Thomas"]
[Result "1-0"]
[ECO "D91"]
[WhiteElo "2536"]
[BlackElo "2300"]
[Annotator "TA"]
[PlyCount "43"]
[EventDate "2022.06.09"]
[EventType "tourn"]
[EventCountry "SWE"]
[SourceTitle "playchess.com"]
[Source "ChessBase"]
[SourceQuality "1"]
[TimeControl "5400+30"]

1. d4 Nf6 2. c4 g6 3. Nc3 d5 4. Bg5 Ne4 5. Bh4 Nxc3 6. bxc3 c5 7. e3 Bg7 8. Nf3 Nc6 9. Be2 {[%emt 0:01:13] D91: Grünfeld: 4 Nf3 Bg7 5 Bg5.} cxd4 10. cxd4 dxc4 {[%emt 0:00:00] [#]} 11. O-O $146 {[%emt 0:01:10] White has an edge.} ({Predecessor:} 11. Bxc4 b5 12. Be2 a6 13. O-O O-O 14. Rc1 Na5 15. Qd2 Re8 16. Qb4 Bf6 17. Bg3 Nc4 18. Bxc4 bxc4 19. Qxc4 {1-0 (40) Zubov,A (2614)-Savchenko,B (2633) Poti 2016}) 11... Na5 12. Nd2 b5 13. a4 a6 14. Bf3 Rb8 (14... Bb7 $11) 15. axb5 $14 Rxb5 16. Ne4 (16. Qa4 $16) 16... O-O $1 $11 17. Nc3 {[%emt 0:00:13][%cal Be4c3,Bc3d5,Bd5e7][%mdl 1056] White has compensation.} Rb8 (17... Nb3 $1 $11 {keeps the balance.}) 18. Nd5 $36 {[%emt 0:05:43][%mdl 2048] Black is under strong pressure.} Nc6 (18... f6 $16) 19. Qa4 $18 Bb7 20. Rfb1 {[%emt 0:05:18][%cal Ob1b7] Strongly threatening Rxb7!} Qd6 $2 (20... Ba8 21. Qxc4 a5 22. Rxb8 Qxb8 23. Bxe7 (23. Nxe7+ Nxe7 24. Bxe7 Re8 $16) 23... Qb2) 21. Rb6 Rfe8 {[%emt 0:00:00] [#]} 22. Nxe7+ $1 {[%emt 0:04:53][%mdl 512] Weighted Error Value: White=0.10 (very precise) /Black=0.44} 1-0